 Dungeon Crawl Stone Soup version 0.30-a0-728-gc68057be0a (webtiles) character file.

Game seed: 12036905084706192218

60075 sanka the Tortoise (level 14, -1/98 HPs)
             Began as a Gargoyle Fighter on Jan 30, 2023.
             Was a High Priest of the Shining One.
             Slain by a deep troll earth mage (4 damage)
             ... summoned by an orange crystal statue
             ... on level 1 of the Depths.
             The game lasted 00:46:02 (17143 turns).

sanka the Tortoise (Gargoyle Fighter)              Turns: 17143, Time: 00:46:02

Health: -1/98      AC: 57    Str: 25    XL:     14   Next: 97%
Magic:  21/21      EV: 18    Int:  8    God:    the Shining One [*****.]
Gold:   1507       SH:  0    Dex: 16    Spells: 13/13 levels left

rFire   . . .      SeeInvis +    a - +5 morningstar
rCold   . . .      Faith    .    W - +2 buckler {reflect}
rNeg    + + +      Spirit   .    T - +8 crystal plate armour
rPois   ∞          Reflect  +    t - +2 helmet "Xuacvir" {Str-2 Dex+5 SInv}
rElec   +          Harm     .    n - +1 cloak
rCorr   +          Rampage  .    J - +2 pair of gloves
Will    +....                    P - +0 pair of boots Stlth
                                 y - amulet of the acrobat
HPRegen 0.36/turn                K - ring of Hell {Drain rN+ rCorr AC+4 Str+3}
MPRegen 0.17/turn                D - ring of the Hare {EV+10}

@: confused, flying, glowing, studying 2 skills
A: sickness immunity, AC +10, big wings, negative energy resistance 1,
electricity resistance, torment resistance 1, petrification resistance
a: Renounce Religion, Divine Shield, Cleansing Flame, Summon Divine Warrior


You were on level 1 of the Depths.
You worshipped the Shining One.
The Shining One was extremely pleased with you.
You visited 3 branches of the dungeon, and saw 17 of its levels.
You also visited: Sewer, Ossuary and Bailey.

You collected 3650 gold pieces.
You spent 2143 gold pieces at shops.


Innate Abilities, Weirdness & Mutations

You are immune to sickness and miasma.
Your stone body is resilient. (AC +10)
You are immune to poison.
Your large and strong wings let you fly.
You resist negative energy. (rN+)
You are resistant to electric shocks. (rElec)
You are resistant to unholy torment.
You are immune to petrification.


   Skills:
 + Level 15.0 Fighting
 - Level 12.0 Maces & Flails
 - Level 15.0 Armour
 + Level 7.4 Dodging
 + Level 14.3 Shields
 + Level 9.7 Invocations
 - Level 4.0 Evocations


You had 13 spell levels left.
You didn't know any spells.
Your spell library contained the following spells:

 Spells                   Type           Power      Damage    Failure   Level
 Apportation              Tloc           0%         N/A       100%        1
 Shock                    Conj/Air       0%         1d3       100%        1
 Summon Small Mammal      Summ           0%         N/A       100%        1
 Call Canine Familiar     Summ           0%         N/A       100%        3
 Dazzling Flash           Conj/Hex       0%         N/A       100%        3
 Gell's Gravitas          Tloc           0%         N/A       100%        3
 Portal Projectile        Hex/Tloc       0%         N/A       100%        3
 Summon Guardian Golem    Hex/Summ       0%         N/A       100%        3
 Swiftness                Air            0%         N/A       100%        3
 Teleport Other           Tloc           0%         N/A       100%        3
 Tukima's Dance           Hex            0%         N/A       100%        3
 Airstrike                Air            0%         2d(0-16)  100%        4
 Iskenderun's Mystic Bla  Conj/Tloc      0%         2d3       100%        4
 Summon Ice Beast         Ice/Summ       0%         N/A       100%        4
 Summon Lightning Spire   Summ/Air       0%         N/A       100%        4
 Alistair's Intoxication  Tmut/Pois      0%         N/A       100%        5
 Blade Hands              Tmut           0%         N/A       100%        5
 Lightning Bolt           Conj/Air       0%         1d11      100%        5
 Summon Mana Viper        Hex/Summ       0%         N/A       100%        5
 Dispersal                Tloc           0%         N/A       100%        6
 Starburst                Conj/Fire      0%         6d3       100%        6
 Monstrous Menagerie      Summ           0%         N/A       100%        7

Inventory:

Hand Weapons
 a - a +5 morningstar (weapon)
 N - a +2 dagger of distortion
Missiles
 j - 3 silver javelins (quivered)
 v - 2 throwing nets {=f}
 R - 3 curare-tipped darts {=f}
 S - 31 javelins
Armour
 n - a +1 cloak (worn)
 t - the +2 helmet "Xuacvir" (worn) {Str-2 Dex+5 SInv}

   Str:       It affects your strength (-2).
   Dex:       It affects your dexterity (+5).
   SInv:      It lets you see invisible.
 J - a +2 pair of gloves (worn)
 P - a +0 pair of boots (worn)
 T - a +8 crystal plate armour (worn)
 W - a +2 buckler of reflection (worn)
Jewellery
 s - a ring of fire
 y - an amulet of the acrobat (around neck)
 D - the ring of the Hare (right hand) {EV+10}

   [ring of evasion]

   EV:        It affects your evasion (+10).
 K - the ring of Hell (left hand) {Drain rN+ rCorr AC+4 Str+3}

   [ring of protection]

   AC:        It affects your AC (+4).
   Str:       It affects your strength (+3).
   rN:        It protects you from negative energy.
   rCorr:     It protects you from acid and corrosion.
   Drain:     It drains your maximum health when unequipped.
Wands
 u - a wand of iceblast (9)
 E - a wand of quicksilver (9)
 I - a wand of mindburst (15)
 L - a wand of paralysis (8)
 M - a wand of flame (12)
 V - a wand of digging (6)
Scrolls
 c - a scroll of magic mapping
 g - 2 scrolls of summoning
 i - 6 scrolls of immolation {!r}
 k - a scroll of fog
 l - 6 scrolls of blinking
 o - 3 scrolls of poison
 B - a scroll of fear
 H - 6 scrolls of teleportation {@r4}
 O - a scroll of enchant weapon
 U - a scroll of silence {!r}
Potions
 d - 5 potions of might
 f - 4 potions of ambrosia
 h - 6 potions of curing {@q1}
 m - 2 potions of resistance {unknown}
 p - 6 potions of magic
 q - 2 potions of haste {@q3}
 r - 4 potions of attraction {!q}
 w - 2 potions of heal wounds {@q2}
 A - 4 potions of berserk rage {!q}
 F - 3 potions of cancellation
 G - a potion of mutation {unknown}
 Q - 4 potions of lignification {!q}

Dungeon Overview and Level Annotations

Branches:
Dungeon (15/15)            Temple (1/1) D:7            Lair (0/5) D:9
    Orc (0/2) D:11         Vaults (0/5) D:14         Depths (1/4) D:15
  Sewer (visited)         Ossuary (visited)          Bailey (visited)

Altars:
Cheibriados
Elyvilon
Fedhas
Hepliaklqana
Nemelex Xobeh
Okawaru
Qazlal
Ru
Trog
Uskayaw
Xom
Zin
The Shining One

Shops:
D:4 =(:?   D:8 *

Portals:
Trove: D:14 (give +8 demon trident)

Annotations:
D:9 exclusion: downstairs
Depths:1 exclusion: orange crystal statue

▒.. ▒.▒▒▒▒▒.▒▒
▒.....▒.▒.▒ ▒.▒ ▒.▒
.▒.....▒.▒.▒▒▒.▒▒▒▒▒.▒
.
......▒.▒...........▒
..
.....▒.▒.▒▒▒.▒▒▒▒▒▒▒
▒.▒▒...▒.▒.▒ ▒.▒
▒..!uu..▒<▒ ▒.▒
.▒▒.£##uT.▒▒▒▒▒.▒
....:.88Tu......▒
▒▒▒.?#TCT.▒▒▒▒▒▒▒
.....!=T..▒
▒▒▒▒▒...▒.▒ .......▒
▒▒▒▒▒▒▒▒▒


You could see a frost giant (summoned), a brown very ugly thing (summoned), 3
iron trolls, an orange crystal statue, 3 ugly things, a deep troll earth mage
(summoned, fast) and a deep troll shaman (summoned).


Message History

* * * LOW HITPOINT WARNING * * *
The deep troll earth mage misses you.
Unknown command.
You hit the frost giant but do no damage.
The brown very ugly thing misses you.
The iron troll bites you but does no damage.
The iron troll claws you but does no damage.
The iron troll claws you but does no damage.
The frost giant hits you but does no damage.
The orange crystal statue glitters.
You are more confused.
The iron troll completely misses you. The iron troll barely misses you.
The iron troll closely misses you.
Unknown command.
You puncture the iron troll!
The iron troll is lightly wounded.
The brown very ugly thing barely misses you.
The iron troll bites you.
* * * LOW HITPOINT WARNING * * *
The iron troll claws you but does no damage.
The iron troll claws you but does no damage.
The frost giant hits you with a +2 battleaxe of freezing!!
* * * LOW HITPOINT WARNING * * *
The frost giant freezes you.
* * * LOW HITPOINT WARNING * * *
The deep troll earth mage bites you but does no damage.
The deep troll earth mage claws you but does no damage.
The deep troll earth mage claws you.
You die...

Action                     |  1- 3 |  4- 6 |  7- 9 | 10-12 | 13-15 || total
---------------------------+-------+-------+-------+-------+-------++-------
  Melee: Flail             |    69 |   246 |   267 |       |       ||   582
         Mace              |       |       |   245 |   149 |       ||   394
         Morningstar       |       |       |       |   460 |   686 ||  1146
  Evoke: Wand              |       |       |     1 |     3 |     2 ||     6
    Use: Scroll            |       |    10 |    12 |     6 |    12 ||    40
         Potion            |       |       |     1 |       |     1 ||     2
 Armour: Scale mail        |    32 |     3 |       |       |       ||    35
         Chain mail        |       |   222 |   274 |       |       ||   496
         Crystal plate arm |       |       |     3 |   309 |   357 ||   669
  Dodge: Dodged            |    32 |   158 |   432 |   535 |   406 ||  1563
  Block: Buckler           |    13 |    66 |   133 |    91 |    56 ||   359
         Kite shield       |       |       |       |   208 |   308 ||   516
         Reflection        |       |       |       |       |     1 ||     1

Levels and vault maps discovered:
D:1:      eino_arrival_tree_alley, layout_basic, hex_intersection,
          minmay_box_of_dots
D:2:      layout_loops_cross
D:3:      layout_basic, gammafunk_temple_overflow_arena,
          ebering_ecumenical_altar_rust
D:4:      layout_rooms, mainiacjoe_overflow_tiny_flanked, serial_shops, shop,
          nicolae_shop_crystal, nicolae_diamond_shop,
          nicolae_shop_temple_entry_statues_fountains, nicolae_square_shop
D:5:      layout_basic, kennysheep_little_box, gup_ossuary_entry_pyramid,
          gup_sewer_entry_bowl, uniq_crazy_yiuf_cottage
D:6:      hangedman_cross_stitches, layout_loops_ring, minitemple,
          mainiacjoe_overflow_boulevard, corner_web_ring, minivault_5
D:7:      minmay_polygon_palace, layout_basic, minmay_temple_entry_offerings,
          enter_bailey_2
D:8:      layout_basic, serial_shops, shop, uniq_gastronok, uniq_erica
D:9:      layout_gridville, mainiacjoe_overflow_chevrons,
          chequers_temple_overflow_statue_of_worship, lair_entry_dummy,
          minivault_14, st_stairs_2
D:10:     layout_loops_ring, serial_undead, serial_undead_a, serial_undead_f,
          serial_undead_e, serial_undead_b, serial_undead_b, serial_undead_a,
          nicolae_concentric_dashed_squares_wild
D:11:     layout_rooms, orc_0_dummy, minmay_three_doors
D:12:     layout_loops_cross, uniq_fannar, uniq_sonja
D:13:     layout_loops_ring, dreamdust_looks_like_rain, uniq_jorgrun
D:14:     layout_basic, lightli_vaults_fourway_checkpoint, enter_trove_0
D:15:     grunt_enter_depths_hoard, layout_basic, dreamdust_wishing_well,
          minivault_14, minmay_fractal_squares_gapless_5
Temple:   nicolae_temple_slightly_damp_pantheon
Depths:1: minmay_the_grid_triangle_9x9_line_8_mashed
          [minmay_the_grid_triangle_9x9_tough_junction,
          minmay_the_grid_triangle_9x9_limited_checkers,
          minmay_the_grid_triangle_9x9_descending_squares,
          minmay_the_grid_triangle_9x9_warning,
          minmay_the_grid_triangle_9x9_alien,
          minmay_the_grid_triangle_9x9_negative_grid,
          minmay_the_grid_triangle_9x9_wacky_v,
          minmay_the_grid_triangle_9x9_prize_insulated], layout_basic,
          enter_ziggurat_f, grunt_metal_band, nicolae_uskayaw_dance_hall,
          minmay_protected_statue

Notes
Turn   | Place    | Note
-------+----------+-------------------------------------------
     0 | D:1      | sanka the Gargoyle Fighter began the quest for the Orb.
     0 | D:1      | Reached XP level 1. HP: 14/14 MP: 1/1
    98 | D:1      | Reached XP level 2. HP: 14/19 MP: 2/2
   216 | D:1      | Reached skill level 3 in Maces & Flails
   463 | D:1      | Reached XP level 3. HP: 14/23 MP: 3/3
   990 | D:2      | Reached skill level 4 in Maces & Flails
  1166 | D:2      | Reached XP level 4. HP: 27/28 MP: 4/4
  1982 | D:3      | Found a transporter.
  1982 | D:3      | Found a transporter.
  2081 | D:3      | Found a faded altar of an unknown god.
  2236 | D:3      | Reached skill level 5 in Maces & Flails
  2337 | D:3      | Found a sparkling altar of Nemelex Xobeh.
  2448 | D:3      | Reached XP level 5. HP: 32/32 MP: 5/5
  2607 | D:4      | Found Olan's Jewellery Shop.
  2683 | D:4      | Found Pekuto's Antique Weapon Shop.
  2932 | D:3      | Reached skill level 6 in Maces & Flails
  2948 | D:3      | Reached XP level 6. HP: 28/37 MP: 6/6
  3122 | D:4      | Found a hazy altar of Hepliaklqana.
  3201 | D:4      | Found Dusem's Book Boutique.
  3280 | D:4      | Found Hiorch's Distillery.
  3567 | D:4      | Found Bavuqey's Magic Scroll Emporium.
  3590 | D:5      | Entered Level 5 of the Dungeon
  3612 | D:5      | Reached skill level 7 in Maces & Flails
  3708 | D:5      | Found a sand-covered staircase.
  3717 | Ossuary  | Entered an ossuary
  3747 | Ossuary  | Reached XP level 7. HP: 9/41 MP: 7/7
  4021 | D:5      | Reached skill level 8 in Maces & Flails
  4071 | D:5      | Reached skill level 4 in Fighting
  4071 | D:5      | Reached skill level 4 in Armour
  4102 | D:5      | Found a glowing drain.
  4106 | Sewer    | Entered a sewer
  4320 | Sewer    | Reached XP level 8. HP: 43/48 MP: 8/8
  4375 | Sewer    | Found a viscous altar of Jiyva.
  4616 | D:5      | Identified the +1 robe "Adevasm" {rElec Str+3}
  4649 | D:5      | Reached skill level 5 in Fighting
  4649 | D:5      | Reached skill level 5 in Armour
  5243 | D:5      | Found a runed translucent door.
  5244 | D:5      | Noticed Crazy Yiuf
  5268 | D:5      | Found a white marble altar of Elyvilon.
  5347 | D:5      | Killed Crazy Yiuf
  5363 | D:5      | Identified the +7 hammer of the Everdark {flame, rPois
                  | Str+2}
  5416 | D:6      | Identified 2 scrolls of acquirement
  5417 | D:6      | Acquired 1017 gold pieces
  5419 | D:6      | Acquired 662 gold pieces
  5476 | D:4      | Bought the ring of the Hare {EV+10} for 1280 gold pieces
  5476 | D:4      | Found the ring of the Hare {EV+10}
  5476 | D:4      | Bought the ring of Hell {Drain rN+ rCorr AC+4 Str+3} for
                  | 535 gold pieces
  5545 | D:6      | Found a hide-covered altar of Uskayaw.
  5630 | D:6      | Reached skill level 6 in Fighting
  5630 | D:6      | Reached skill level 6 in Armour
  5805 | D:6      | Reached skill level 7 in Fighting
  5805 | D:6      | Reached skill level 7 in Armour
  5805 | D:6      | Reached XP level 9. HP: 57/57 MP: 9/9
  5931 | D:6      | Reached skill level 8 in Fighting
  5931 | D:6      | Reached skill level 8 in Armour
  6150 | D:6      | Identified the +1 robe "Tetymav" {rF+ rCorr SInv}
  6274 | D:4      | Bought a scroll of blinking for 82 gold pieces
  6274 | D:4      | Bought a scroll of teleportation for 33 gold pieces
  6274 | D:4      | Bought a scroll of enchant weapon for 82 gold pieces
  6274 | D:4      | Bought a scroll of identify for 22 gold pieces
  6274 | D:4      | Bought a scroll of identify for 22 gold pieces
  6274 | D:4      | Bought a scroll of identify for 22 gold pieces
  6546 | D:6      | Found a shimmering altar of Xom.
  6553 | D:6      | Found a stormy altar of Qazlal.
  6559 | D:6      | Found an iron altar of Okawaru.
  7015 | D:7      | Reached skill level 1 in Evocations
  7029 | D:7      | Reached skill level 2 in Evocations
  7125 | D:7      | Reached skill level 3 in Evocations
  7189 | D:7      | Found a staircase to the Ecumenical Temple.
  7195 | D:7      | Found a flagged portal.
  7202 | D:7      | Identified the +3 halberd of Dissent {flame, rN+ Str+3}
  7211 | Bailey   | Entered a bailey
  7346 | Bailey   | Reached skill level 4 in Evocations
  7359 | Bailey   | Identified a +0 crystal plate armour
  7371 | Bailey   | Reached skill level 9 in Maces & Flails
  7417 | Bailey   | Reached XP level 10. HP: 64/64 MP: 10/10
  7458 | Bailey   | Reached skill level 10 in Maces & Flails
  8037 | Bailey   | Reached skill level 11 in Maces & Flails
  8198 | D:7      | Acquired the +2 helmet "Xuacvir" {Str-2 Dex+5 SInv}
  8671 | D:7      | Reached skill level 12 in Maces & Flails
  8905 | Temple   | Entered the Ecumenical Temple
  8920 | Temple   | Became a worshipper of the Shining One
  9174 | D:8      | Reached * piety under the Shining One
  9175 | D:8      | Reached skill level 1 in Invocations
  9243 | D:8      | Reached skill level 4 in Shields
  9280 | D:8      | Noticed Gastronok
  9303 | D:8      | Killed Gastronok
  9304 | D:8      | Reached skill level 1 in Dodging
  9304 | D:8      | Reached skill level 5 in Shields
  9304 | D:8      | Reached skill level 2 in Invocations
  9304 | D:8      | Reached XP level 11. HP: 57/69 MP: 10/12
  9362 | D:8      | Found Wytu's General Store.
  9444 | D:8      | Noticed Erica
  9448 | D:8      | Killed Erica
  9449 | D:8      | Reached skill level 9 in Fighting
  9449 | D:8      | Reached skill level 9 in Armour
  9631 | D:9      | Reached skill level 2 in Dodging
  9752 | D:9      | Found a bloodstained altar of Trog.
  9759 | D:9      | Reached skill level 3 in Invocations
  9762 | D:9      | Reached skill level 6 in Shields
  9780 | D:9      | Found a snail-covered altar of Cheibriados.
  9780 | D:9      | Found a blossoming altar of Fedhas.
 10347 | D:9      | Found a staircase to the Lair.
 10430 | D:9      | Reached skill level 10 in Armour
 10590 | D:10     | Entered Level 10 of the Dungeon
 10612 | D:10     | Reached skill level 7 in Shields
 10613 | D:10     | Reached skill level 10 in Fighting
 10613 | D:10     | Reached skill level 3 in Dodging
 10613 | D:10     | Reached skill level 4 in Invocations
 10646 | D:10     | Reached ** piety under the Shining One
 10776 | D:10     | Reached XP level 12. HP: 78/78 MP: 15/15
 10793 | D:10     | Noticed a two-headed ogre
 10809 | D:10     | Killed a two-headed ogre
 10827 | D:10     | Reached skill level 8 in Shields
 10915 | D:10     | Reached *** piety under the Shining One
 10925 | D:10     | Reached skill level 11 in Armour
 10925 | D:10     | Reached skill level 5 in Invocations
 10953 | D:10     | Reached skill level 11 in Fighting
 11007 | D:10     | Reached skill level 4 in Dodging
 11471 | D:11     | Reached skill level 9 in Shields
 11477 | D:11     | Noticed a two-headed ogre
 11487 | D:11     | Killed a two-headed ogre
 11514 | D:11     | Found a staircase to the Orcish Mines.
 11672 | D:11     | Noticed a boulder beetle
 11696 | D:11     | Killed a boulder beetle
 11697 | D:11     | Reached skill level 6 in Invocations
 11767 | D:11     | Reached skill level 12 in Armour
 12074 | D:12     | Reached skill level 12 in Fighting
 12189 | D:12     | Noticed Sonja
 12202 | D:12     | Killed Sonja
 12203 | D:12     | Reached skill level 10 in Shields
 12301 | D:12     | Noticed Fannar
 12328 | D:13     | Reached **** piety under the Shining One
 12329 | D:13     | Reached XP level 13. HP: 22/86 MP: 17/17
 12547 | D:12     | Killed Fannar
 12767 | D:12     | Reached skill level 5 in Dodging
 13384 | D:13     | Paralysed by an air elemental for 1 turns
 13541 | D:13     | Noticed Jorgrun
 13562 | D:13     | Killed Jorgrun
 13576 | D:13     | Reached skill level 7 in Invocations
 13818 | D:13     | Reached skill level 13 in Armour
 13818 | D:13     | Reached skill level 11 in Shields
 14212 | D:14     | Reached skill level 13 in Fighting
 14716 | D:14     | Reached skill level 12 in Shields
 14800 | D:14     | Reached ***** piety under the Shining One
 14802 | D:14     | Found a gate to the Vaults.
 14802 | D:14     | Noticed a vault guard
 14802 | D:14     | Noticed a vault guard
 14803 | D:14     | Noticed a vault guard
 14808 | D:14     | Reached skill level 6 in Dodging
 14808 | D:14     | Reached skill level 8 in Invocations
 14814 | D:14     | Gained mutation: Your large and strong wings let you fly.
                  | [Gargoyle growth]
 14814 | D:14     | Reached XP level 14. HP: 95/95 MP: 18/20
 14825 | D:14     | Reached skill level 14 in Armour
 14864 | D:14     | Reached skill level 14 in Fighting
 15202 | D:14     | Found a portal to a secret trove of treasure.
 15262 | D:15     | Entered Level 15 of the Dungeon
 15474 | D:15     | Reached skill level 13 in Shields
 15670 | D:15     | Reached skill level 9 in Invocations
 15703 | D:15     | Reached skill level 15 in Armour
 15718 | D:15     | Reached skill level 15 in Fighting
 15812 | D:15     | Reached skill level 7 in Dodging
 16335 | D:15     | Identified +0 fire dragon scales
 16336 | D:15     | Reached skill level 14 in Shields
 16345 | D:15     | Identified +0 fire dragon scales
 16445 | D:15     | Found a staircase to the Depths.
 16926 | D:8      | Bought a scroll of teleportation for 39 gold pieces
 16926 | D:8      | Bought a scroll of identify for 26 gold pieces
 17091 | Depths:1 | Entered Level 1 of the Depths
 17132 | Depths:1 | Identified the amulet of Freedom {Reflect Harm rC+ Will+
                  | Dex+3 SH+5}
 17133 | Depths:1 | Noticed a purple very ugly thing
 17133 | Depths:1 | Noticed a purple very ugly thing
 17133 | Depths:1 | Noticed a frost giant
 17143 | Depths:1 | HP: 6/98 [frost giant/+2 battleaxe of freezing[an orange
                  | crystal statue] (20)]
 17143 | Depths:1 | Slain by a deep troll earth mage

Vanquished Creatures
  Jorgrun (D:13)
  Gastronok (D:8)
  A fire dragon (D:15)
  4 vault guards (D:14)
  3 hydras
  Fannar (D:12)
  An ogre mage (D:15)
  6 centaur warriors
  4 two-headed ogres
  6 boulder beetles
  Erica (D:8)
  3 tengu warriors
  Sonja (D:12)
  5 skeletal warriors (D:15)
  A wizard (D:14)
  An orc knight (D:15)
  2 wolf spiders (D:11)
  A deep elf pyromancer (D:15)
  19 ugly things
  8 manticores
  6 cyclopes
  10 centaur zombies (D:10)
  2 freezing wraiths
  An efreet (D:13)
  A yaktaur (D:15)
  2 trolls
  4 slime creatures (D:12)
  A centaur simulacrum (D:15)
  4 shadows
  An air elemental (D:13)
  6 wraiths
  30 yaks
  4 vampires (D:10)
  A steam dragon (D:7)
  A basilisk (D:13)
  10 vampire mosquitoes
  2 acid dragons
  4 black bears
  2 ice beasts (D:7)
  17 orc warriors
  4 sky beasts (D:13)
  3 boggarts (D:13)
  8 ogres
  17 centaurs
  A phantom (D:5)
  2 kobold brigands
  5 bullfrogs
  An elf zombie (Ossuary)
  2 necrophages
  3 gnoll sergeants
  4 scorpions
  12 wights
  4 killer bees (D:9)
  2 howler monkeys
  4 electric eels
  Crazy Yiuf (D:5)
  A human zombie (Ossuary)
  5 hounds
  4 jellies
  8 orc priests
  4 iguanas
  5 gnoll boudas
  16 orc wizards
  A hound zombie (Ossuary)
  5 mummies
  23 gnolls
  8 adders
  4 river rats (Sewer)
  3 shadow imps
  4 white imps
  2 ufetubi
  A worm (D:5)
  47 orcs
  19 endoplasms
  4 giant cockroaches
  A gnoll zombie (Ossuary)
  5 goblins
  5 hobgoblins
  4 jackals (D:3)
  8 kobolds
  4 quokkas
  11 ball pythons
  7 frilled lizards
  A goblin zombie (Ossuary)
  A hobgoblin zombie (Ossuary)
  2 jackal zombies (Ossuary)
  3 kobold zombies (Ossuary)
  An orc zombie (Ossuary)
  6 rats
475 creatures vanquished.

Vanquished Creatures (others)
  A fire dragon (D:15)
  A basilisk (D:13)
  A centaur (Bailey)
  An orc wizard (D:7)
  5 orcs (Bailey)
  3 fungi
  2 withered plants (D:10)
14 creatures vanquished.

Grand Total: 489 creatures vanquished
